 Dungeon Crawl Stone Soup version 0.28.0-47-ge53b351184 (webtiles) character file.

Game seed: 17157827638908705063

666 pkoi the Firebug (level 7, -1/50 HPs)
             Began as a Demigod Fire Elementalist on May 10, 2022.
             Slain by a killer bee (3 damage)
             ... on level 4 of the Dungeon.
             The game lasted 00:06:15 (6841 turns).

pkoi the Firebug (Demigod Fire Elementalist)        Turns: 6841, Time: 00:06:16

Health: -1/50      AC:  4    Str:  9    XL:     7   Next: 9%
Magic:  8/12       EV: 12    Int: 25    God:
Gold:   131        SH:  0    Dex: 14    Spells: 3/9 levels left

rFire   . . .      SeeInvis .   j - +5 trident (protect)
rCold   . . .      Faith    .   (no shield)
rNeg    . . .      Spirit   .   a - +0 robe
rPois   .          Reflect  .   g - +1 helmet
rElec   .          Harm     .   (no cloak)
rCorr   .          Rampage  .   (no gloves)
Will    .....                   (no boots)
Stlth   ++........              b - amulet of regeneration
HPRegen 0.96/turn               (no ring)
MPRegen 0.13/turn               (no ring)

@: lethally poisoned (-1 -> -2)
A: high MP 1, forlorn, divine attributes
a: no special abilities


You were on level 4 of the Dungeon.
You visited 1 branch of the dungeon, and saw 4 of its levels.

You collected 131 gold pieces.

Inventory:

Hand Weapons
 c - a +0 long sword
 j - a +5 trident of protection (weapon)
Armour
 a - a +0 robe (worn)
 g - a +1 helmet (worn)
Jewellery
 b - an amulet of regeneration (around neck)
Wands
 m - a wand of polymorph (2)
Scrolls
 h - a scroll of teleportation
Potions
 d - a potion of haste {unknown}
 e - 2 potions of might {unknown}
 f - 2 potions of curing {unknown}
 i - a potion of cancellation
 k - a potion of flight
 o - 2 potions of lignification {unknown}
 p - a potion of magic {unknown}


   Skills:
 - Level 1.7 Dodging
 - Level 1.7 Stealth
 - Level 1.7 Spellcasting
 + Level 5.1 Conjurations
 + Level 5.8 Fire Magic


You had 3 spell levels left.
You knew the following spells:

 Your Spells              Type           Power      Damage    Failure   Level
a - Foxfire               Conj/Fire      100%       2x1d9     1%          1
b - Scorch                Fire           62%        2d8       1%          2
c - Conjure Flame         Conj/Fire      29%        6-21      3%          3

Your spell library contained the following spells:

 Spells                   Type           Power      Damage    Failure   Level
 Inner Flame              Hex/Fire       16%        N/A       11%         3
 Beastly Appendage        Tmut           4%         N/A       12%         1
 Wereblood                Tmut           2%         N/A       17%         2
 Gell's Gravitas          Tloc           2%         N/A       34%         3
 Spider Form              Tmut/Pois      2%         N/A       34%         3
 Teleport Other           Tloc           2%         N/A       34%         3
 Flame Wave               Conj/Fire      29%        2d8       12%         4
 Iskenderun's Battlesphe  Conj           27%        2d8       36%         5
 Iron Shot                Conj/Erth      7%         9d2       99%         6
 Dispersal                Tloc           1%         N/A       100%        6
 Spellforged Servitor     Conj/Summ      7%         N/A       100%        7


Dungeon Overview and Level Annotations

Branches:
Dungeon (4/15)
 Temple: D:4-7

Shops:
D:2 [:(*


Innate Abilities, Weirdness & Mutations

You have an increased reservoir of magic. (+10% MP)
You shall have no god before yourself.
Your divine heritage dramatically boosts your attributes as you level up.


Message History

* * * LOW HITPOINT WARNING * * *
The adder skeleton barely misses you. The killer bee stings you.
* * * LOW HITPOINT WARNING * * *
Unknown command.
You feel sick. The killer bee misses you. The killer bee barely misses you.
You feel sick.
The killer bee buzzes angrily.
The killer bee misses you.
Casting: Foxfire (safe; 1% risk of failure)
Press: ? - help, Q - select action, (/) - cycle Dir - look around, f - activate You conjure some foxfire!
You feel sick. The killer bee stings you.
* * * LOW HITPOINT WARNING * * *
You are more poisoned.
The killer bee poisons you! The killer bee closely misses you.
Your foxfire dissipates!
You feel sick.
The foxfire hits the killer bee.
The killer bee is heavily wounded.
The killer bee closely misses you.
Unknown command.
Casting: Foxfire (safe; 1% risk of failure)
Press: ? - help, Q - select action, (/) - cycle Dir - look around, f - activate You conjure some foxfire!
You feel sick. The killer bee stings you.
* * * LOW HITPOINT WARNING * * *
The killer bee stings you!
* * * LOW HITPOINT WARNING * * *
Your foxfire dissipates!
You feel sick.
The foxfire hits the killer bee!
You kill the killer bee!
You feel sick.
Casting: Foxfire (safe; 1% risk of failure)
Confirm with . or Enter, or press ? or * to list all spells.
Flames lash the adder skeleton.
The adder skeleton is heavily damaged.
The adder skeleton's fire resistance burns away.
You feel sick. The killer bee stings you.
* * * LOW HITPOINT WARNING * * *
The killer bee stings you.
You die...

...# #.# #.#.##..#.#.......#
#... .### #.#
#.........#.......# #.## .#
#.#######.#.###.).....###...
## #...#
#...............'.#.##
###.###.########......#.#.##
#...................#.#...
###.##....###########.#...
#....#..# #...#. #....#.@###
###### .....#.yy.# ######
##### .....#.##.# .....#
#....
<.....#...Z##.....###.###
....#######..........
#......... #.........
#......... #.........


You could see 2 killer bees and an adder skeleton (combustible).

Vanquished Creatures
  Sigmund (D:3)
  2 phantoms
  A scorpion (D:4)
  A killer bee (D:4)
  A hound (D:4)
  Natasha (D:2)
  2 orc wizards
  9 adders
  A worm (D:3)
  2 dart slugs (D:1)
  7 orcs
  5 bats
  7 endoplasms
  3 giant cockroaches (D:3)
  9 goblins
  6 hobgoblins
  4 kobolds
  A quokka (D:1)
  4 ball pythons
  3 frilled lizards
  9 rats
79 creatures vanquished.

Vanquished Creatures (others)
  304 foxfires
304 creatures vanquished.

Grand Total: 383 creatures vanquished

Notes
Turn   | Place    | Note
-------+----------+-------------------------------------------
     0 | D:1      | pkoi the Demigod Fire Elementalist began the quest for the
                  | Orb.
     0 | D:1      | Reached XP level 1. HP: 14/14 MP: 5/5
    68 | D:1      | Reached skill level 1 in Conjurations
   444 | D:1      | Reached XP level 2. HP: 20/20 MP: 5/7
  1674 | D:2      | Reached XP level 3. HP: 26/26 MP: 6/8
  1726 | D:2      | Noticed a phantom
  1766 | D:1      | Killed a phantom
  1767 | D:1      | Reached XP level 4. HP: 13/33 MP: 1/9
  2303 | D:2      | Found Pytzimel's Armour Shop.
  2645 | D:2      | Learned a level 2 spell: Scorch
  2649 | D:2      | Learned a level 3 spell: Conjure Flame
  2658 | D:2      | Found Duhoockom's Book Emporium.
  2669 | D:2      | Found Gurat's Antique Weapon Boutique.
  3260 | D:2      | Noticed Natasha
  3269 | D:2      | Killed Natasha
  3270 | D:2      | Reached XP level 5. HP: 33/38 MP: 4/10
  3539 | D:2      | Found Reggo's General Store.
  4878 | D:3      | Noticed Sigmund
  5479 | D:3      | Killed Sigmund
  5480 | D:3      | Reached skill level 5 in Fire Magic
  5480 | D:3      | Reached XP level 6. HP: 45/45 MP: 4/11
  6403 | D:4      | Reached skill level 5 in Conjurations
  6403 | D:4      | Reached XP level 7. HP: 50/50 MP: 4/12
  6841 | D:4      | HP: 2/50 [killer bee (6)]
  6841 | D:4      | Slain by a killer bee

Illustrated notes

Levels and vault maps discovered:
D:1:      beargit_arrival_diablo_church, layout_loops_ring,
          amcnicky_mini_corridor_feature
D:2:      minmay_general_purpose_star, layout_loops_corners, serial_shops,
          nicolae_square_shop, nicolae_shop_trees, nicolae_shop_statue_plus,
          nicolae_diamond_shop, ebering_ecumenical_altar_rust, basic_altar,
          uniq_natasha
D:3:      minmay_angry_zag, layout_rooms, minmay_checkerbox, uniq_sigmund
D:4:      layout_basic

Skill      XL: |  1  2  3  4  5  6 |
---------------+-------------------+-----
Conjurations   | 1 2 3 4 5 |  5.1
Fire Magic     | 3 4 5 |  5.8
Dodging        | |  1.7
Stealth        | |  1.7
Spellcasting   | |  1.7

Action                   |  1- 3 |  4- 6 |  7- 9 || total
-------------------------+-------+-------+-------++-------
Melee: Long sword        |     6 |     4 |       ||    10
       Trident           |       |    20 |     3 ||    23
 Cast: Foxfire           |    52 |   127 |     6 ||   185
       Scorch            |       |     3 |     1 ||     4
  Use: Scroll            |       |     2 |     5 ||     7
 Stab: Sleeping          |       |     1 |     1 ||     2
Armor: Robe              |     4 |     8 |       ||    12
       Skin              |       |     2 |       ||     2
Dodge: Dodged            |     5 |    35 |    10 ||    50
